 Dungeon Crawl Stone Soup version 0.30-a0-964-gd452b5e7fa (webtiles) character file.

Game seed: 16469902428137971774

511 MachoJfn the Chopper (level 7, -3/91 HPs)
             Began as a Hill Orc Monk on Mar 29, 2023.
             Was a Follower of Beogh.
             Slain by a gnoll sergeant
             ... wielding a +0 trident
              (14 damage)
             ... on level 5 of the Dungeon on Mar 30, 2023.
             The game lasted 00:20:26 (4992 turns).

MachoJfn the Chopper (Hill Orc Monk)                Turns: 4992, Time: 00:20:26

Health: -3/91      AC:  5    Str: 22    XL:     7   Next: 19%
Magic:  0/7        EV: 13    Int: 10    God:    Beogh [*.....]
Gold:   274        SH:  0    Dex: 13    Spells: 6/6 levels left

rFire   x . .      SeeInvis .    a - +2 hand axe
rCold   + . .      Faith    .    d - orb {*Rage}
rNeg    . . .      Spirit   +    b - +0 robe
rPois   .          Reflect  .    (no helmet)
rElec   .          Rampage  .    (no cloak)
rCorr   .          Rage     20%  u - +2 pair of gloves
Will    .....                    (no boots) Stlth
                                 g - amulet of guardian spirit
HPRegen 0.35/turn                e - +6 ring of strength
MPRegen 0.10/turn                j - ring of ice

@: berserking, very quick
A: no striking features
a: Renounce Religion


You were on level 5 of the Dungeon.
You worshipped Beogh.
Beogh was aware of your devotion.
You visited 1 branch of the dungeon, and saw 5 of its levels.

You collected 274 gold pieces.

Inventory:

Hand Weapons
 a - a +2 hand axe (weapon)
Missiles
 f - 76 stones
 i - 5 atropa-tipped darts (quivered)
Armour
 b - a +0 robe (worn)
 d - an orb of wrath (worn)
 u - a +2 pair of gloves (worn)
Jewellery
 e - a +6 ring of strength (left hand)
 g - an amulet of guardian spirit (around neck)
 j - a ring of ice (right hand)
 q - the Hermit's Pendant {Faith Invo=14 Evo=0 MP+5}
   (You found it on level 4 of the Dungeon)

   [amulet of faith]

   Invo=14: It sets your Invocations skill to 14.
   Evo=0: It sets your Evocations skill to 0.
   It allows you to gain divine favour quickly.
   MP:        It affects your magic capacity (+5).
 r - an amulet of guardian spirit
Scrolls
 h - a scroll of amnesia
 k - a scroll of fear
 l - a scroll of silence
 n - a scroll of teleportation
Potions
 c - 3 potions of ambrosia
 m - a potion of attraction
 o - a potion of might
 p - 3 potions of curing
 s - a potion of flight {unknown}
 t - a potion of heal wounds


   Skills:
 + Level 5.4 Fighting
 + Level 7.3 Axes
 + Level 0.3 Throwing
 + Level 3.4 Dodging
 + Level 3.3 Stealth


You had 6 spell levels left.
You didn't know any spells.
Your spell library was empty.

Dungeon Overview and Level Annotations

Branches:
Dungeon (5/15)
 Temple: D:4-7

Altars:
Cheibriados
Ru
Trog


Message History

The gnoll hits you with a +0 spear.
The gnoll sergeant hits you from afar with a +0 trident!
You hit the gnoll.
The gnoll is severely wounded.
The gnoll misses you.
The gnoll sergeant hits you but does no damage.
You hit the gnoll.
The gnoll is almost dead.
The gnoll sergeant closely misses you.
You hit the gnoll.
You kill the gnoll!
Beogh accepts your kill. The gnoll sergeant misses you.
A red film seems to cover your vision as you go berserk!
You feel yourself moving faster!
You feel mighty!
You hit the gnoll.
The gnoll is heavily wounded.
The gnoll closely misses you.
The gnoll sergeant hits you from afar with a +0 trident.
You hit the gnoll.
The gnoll is almost dead.
The gnoll hits you with a +0 flail!
* * * LOW HITPOINT WARNING * * *
The gnoll sergeant hits you from afar with a +0 trident!
* * * LOW HITPOINT WARNING * * *
You closely miss the gnoll.
The gnoll is almost dead.
You slash the gnoll!
You kill the gnoll!
Beogh accepts your kill.
The gnoll sergeant hits you but does no damage.
Things that are here:
a +0 flail; a +0 whip You slash the gnoll sergeant!
The gnoll sergeant is moderately wounded.
The gnoll sergeant hits you with a +0 trident!
* * * LOW HITPOINT WARNING * * *
You slash the gnoll sergeant!
The gnoll sergeant is almost dead.
The gnoll sergeant hits you with a +0 trident!
You die...

..... # .....
.########...
..........
#......#
#.###.#..# #
#........##.#
#####..)<).=#
####@####
#g.....#
######.#


You could see a gnoll sergeant.

Vanquished Creatures
  An ogre (D:4)
  A centaur (D:4)
  An iron imp (D:4)
  A hound (D:4)
  4 iguanas (D:4)
  An orc wizard (D:4)
  4 gnolls (D:5)
  2 adders
  An ufetubus (D:3)
  A dart slug (D:4)
  12 orcs
  3 bats
  4 endoplasms
  2 giant cockroaches
  7 goblins
  10 hobgoblins
  9 kobolds
  3 quokkas
  10 ball pythons
  6 frilled lizards
  7 rats
90 creatures vanquished.

Vanquished Creatures (others)
  A frilled lizard (D:3)
1 creature vanquished.

Grand Total: 91 creatures vanquished

Notes
Turn   | Place    | Note
-------+----------+-------------------------------------------
     0 | D:1      | MachoJfn the Hill Orc Monk began the quest for the Orb.
     0 | D:1      | Reached XP level 1. HP: 19/19 MP: 1/1
   149 | D:1      | Reached XP level 2. HP: 27/27 MP: 2/2
   718 | D:1      | Reached XP level 3. HP: 33/33 MP: 3/3
   718 | D:1      | Upgraded the game from 0.30-a0-956-gcec3b41aec to
                  | 0.30-a0-964-gd452b5e7fa
  2231 | D:3      | Found a faded altar of an unknown god.
  2241 | D:3      | Prayed at the altar of an unknown god.
  2241 | D:3      | Became a worshipper of Ru the Awakened
  2266 | D:3      | Fell from the grace of Ru
  2266 | D:3      | Became a worshipper of Beogh the Brigand
  2358 | D:3      | Reached XP level 4. HP: 38/40 MP: 4/4
  2365 | D:3      | Reached skill level 5 in Axes
  2463 | D:3      | Found a bloodstained altar of Trog.
  2935 | D:4      | Noticed a centaur
  2943 | D:4      | Reached XP level 5. HP: 47/47 MP: 2/5
  2949 | D:4      | Killed a centaur
  2950 | D:4      | Reached skill level 6 in Axes
  2950 | D:4      | Reached XP level 6. HP: 17/53 MP: 1/6
  3840 | D:4      | Reached * piety under Beogh
  3904 | D:4      | Found a faded altar of an unknown god.
  3904 | D:4      | Found the Hermit's Pendant {Faith Invo=14 Evo=0 MP+5}
  4028 | D:4      | Reached skill level 5 in Fighting
  4028 | D:4      | Reached skill level 7 in Axes
  4372 | D:4      | Reached XP level 7. HP: 61/61 MP: 5/7
  4616 | D:4      | Found a snail-covered altar of Cheibriados.
  4971 | D:5      | Entered Level 5 of the Dungeon
  4992 | D:5      | Slain by a gnoll sergeant

Illustrated notes

Levels and vault maps discovered:
D:1:      ncdulo_smallfort, layout_loops_ring
D:2:      layout_basic
D:3:      layout_basic, trog_butcher_becter,
          shapermc_ecumenical_altar_totnotflames
D:4:      minmay_door_path, layout_layer_cave, slow_altar_2,
          hellmonk_guarded_unrand_hermit
D:5:      layout_loops_cross, nicolae_gozag_seed_capital,
          kennysheep_vampire_church, gup_sewer_entry_spiral, minivault_27,
          uniq_duvessa, uniq_eustachio

Skill      XL: |  1  2  3  4  5  6 |
---------------+-------------------+-----
Fighting       | 4 5 |  5.4
Stealth        | 2 3 |  3.3
Axes           | 5 6 7 |  7.3
Dodging        | 3 |  3.4
Throwing       | |  0.3

Action                     |  1- 3 |  4- 6 |  7- 9 || total
---------------------------+-------+-------+-------++-------
  Melee: Hand axe          |   119 |    84 |    28 ||   231
         Punch             |     1 |       |       ||     1
  Throw: Dart              |       |     2 |       ||     2
 Invoke: Convert to Beogh  |     1 |       |       ||     1
    Use: Scroll            |     8 |     6 |       ||    14
         Potion            |     4 |     1 |       ||     5
   Stab: Sleeping          |     8 |     1 |     1 ||    10
         Distracted        |       |     1 |       ||     1
 Armour: Robe              |    17 |    10 |     4 ||    31
         Skin              |     5 |       |       ||     5
  Dodge: Dodged            |    60 |    45 |    24 ||   129

Table legend: (Time is in decaauts)
 A = Elapsed time spent in this place.
 B = Non-inter-level travel time spent in this place.
 C = Inter-level travel time spent in this place.
 D = Time resting spent in this place.
 E = Time spent auto-exploring this place.
 F = Levels seen in this place.
 G = Mean time per level.
                   A        B        C        D        E       F      G
               +--------+--------+--------+--------+--------+-----+--------+
         Total |   5186 |   4506 |    680 |   1069 |   2707 |   5 | 1037.2 |
       Dungeon |   5186 |   4506 |    680 |   1069 |   2707 |   5 | 1037.2 |
               +--------+--------+--------+--------+--------+-----+--------+

Top non-repeatable levels by time:
     D:4: 2149 daAuts
     D:2: 1297 daAuts
     D:1: 886 daAuts
     D:3: 834 daAuts
     D:5: 18 daAuts
